 Dungeon Crawl Stone Soup version 0.13-a0-2301-g23820b6 (webtiles) character file.

474 M4edhros the Sneak (level 6, -6/39 HPs)
             Began as an Octopode Artificer on July 8, 2013.
             Mangled by a worker ant (8 damage)
             ... while paralysed by a potion of paralysis
             ... on Level 4 of the Dungeon.
             The game lasted 00:06:12 (3239 turns).

M4edhros the Sneak (Octopode Artificer)             Turns: 3239, Time: 00:06:12

HP  -6/39        AC  1     Str 10      XL: 6   Next: 64%
MP   9/9         EV  2     Int 17      God:
Gold 117         SH  0     Dex 12      Spells:  0 memorised,  5 levels left

Res.Fire  : . . .   See Invis. : .   a - +0 short sword
Res.Cold  : . . .   Warding    : .   (no shield)
Life Prot.: . . .   Conserve   : .   (helmet restricted)
Res.Poison: .       Res.Corr.  : .   (no amulet)
Res.Elec. : .       Clarity    : .   (no ring)
Sust.Abil.: . .     Spirit.Shd : .   (no ring)
Res.Mut.  : .       Stasis     : .   (no ring)
Res.Rott. : .       Flight     : .   (no ring)
Saprovore : . . .                    (no ring)
                                     (no ring)
                                     (no ring)
                                     (no ring)

@: paralysed, mildly poisoned, slightly resistant to hostile enchantments, very
stealthy
A: almost no armour, amphibious, 8 rings, constrict 8, camouflage 1, AC +1
a: no special abilities


You were on level 4 of the Dungeon.
You were not hungry.

You visited 1 branch of the dungeon, and saw 4 of its levels.

You collected 97 gold pieces.

Inventory:

Hand weapons
 a - a +0,+0 short sword (weapon)
Magical devices
 b - a wand of flame (0)
 c - a wand of enslavement (11)
 d - a wand of random effects (8)
 r - a wand of magic darts (0)
Comestibles
 f - 3 bread rations
 h - 3 meat rations
 q - a lychee
Scrolls
 e - 3 scrolls of recharging
 g - 2 scrolls of noise {unknown}
 i - 4 scrolls of remove curse {unknown}
 k - a scroll of curse armour {unknown}
 l - 4 scrolls of fog {unknown}
 n - a scroll of random uselessness {unknown}
 u - a scroll of blinking {unknown}
 v - a scroll of teleportation {unknown}
 w - a scroll of curse jewellery {unknown}
Jewellery
 j - an uncursed amulet of resist mutation {unknown}
Potions
 m - a potion of resistance
 t - a potion of magic
Books
 p - a Young Poisoner's Handbook

   Spells                             Type                      Level
   Sting                              Conjuration/Poison           1
   Cure Poison                        Poison                       2
   Mephitic Cloud                     Conjuration/Poison/Air       3
   Olgreb's Toxic Radiance            Poison                       4
   Venom Bolt                         Conjuration/Poison           5


   Skills:
 - Level 1.0 Fighting
 + Level 4.0 Short Blades
 - Level 2.0 Dodging
 * Level 7.5 Stealth
 - Level 2.1 Traps
 - Level 3.2 Evocations


You had 5 spell levels left.
You didn't know any spells.

Dungeon Overview and Level Annotations

Branches:
Dungeon (4/27)
 Temple: D:4-7

Altars:
Cheibriados
Okawaru
Sif Muna


Innate Abilities, Weirdness & Mutations

You cannot wear most types of armour.
You are amphibious.
You can wear up to eight rings at the same time.
You can use your tentacles to constrict many enemies at once.
Your skin changes colour to match your surroundings (Stlth).
Your rubbery body absorbs attacks (AC +1).


Message History

You hit the worker ant but do no damage.
The worker ant is lightly wounded.
You constrict the worker ant, but do no damage.
The worker ant bites you. The worker ant barely misses you.
Drink which item? (? for menu, Esc to quit)
Magic courses through your body.
It was a potion of magic.
You constrict the worker ant. The worker ant bites you.
* * * LOW HITPOINT WARNING * * *
You are poisoned.
The worker ant poisons you!
Drink which item? (? for menu, Esc to quit)
You suddenly lose the ability to move!
You lose your grip on the worker ant.
It was a potion of paralysis.
The worker ant bites you!
* * * LOW HITPOINT WARNING * * *
You are more poisoned.
The worker ant poisons you! The worker ant bites you.
* * * LOW HITPOINT WARNING * * *
* * * LOW HITPOINT WARNING * * *
You feel sick. The worker ant barely misses you. The worker ant bites you!
You die...

#.##.......# #... ####
#.##.......###...
.....##.##..!....##.(..
.......#.##.......##....
.........................
..[..........##........##
.............##......ยง...
..............##..........
.......)a@....##+####+#.##
...###.###+#'#....###.#.##
# #.#.%..........
#.#........#.##
##.#.#..........#
.................
...#.#.......#..)
#...##.##.##.### +....
#.#........


You could see a worker ant.

Vanquished Creatures
  A phantom (D:4)
  A centaur (D:3)
  Ijyb (D:2)
  Jessica (D:2)
  3 gnolls (D:4)
  5 adders
  A giant mite (D:2)
  An inept feature mimic (D:2)
  A worm (D:3)
  An adder skeleton (D:4)
  3 giant geckos
  3 giant cockroaches
  4 hobgoblins
  4 training dummies (D:2)
  11 bats
  3 giant newts
  8 goblins
  4 jackals (D:2)
  8 kobolds
  8 rats
72 creatures vanquished.

Vanquished Creatures (collateral kills)
  An adder (D:2)
  A goblin (D:2)
  A hobgoblin (D:3)
  A kobold (D:2)
4 creatures vanquished.

Grand Total: 76 creatures vanquished

Notes
Turn   | Place    | Note
--------------------------------------------------------------
     0 | D:1      | M4edhros, the Octopode Artificer, began the quest for the Orb.
     0 | D:1      | Reached XP level 1. HP: 14/14 MP: 1/1
   243 | D:1      | Reached XP level 2. HP: 16/19 MP: 3/3
   526 | D:2      | Found an iron altar of Okawaru.
   854 | D:2      | Reached XP level 3. HP: 8/24 MP: 4/4
  1056 | D:2      | Noticed Jessica
  1063 | D:2      | Killed Jessica
  1063 | D:2      | Reached skill level 4 in Stealth
  1063 | D:2      | Reached XP level 4. HP: 29/29 MP: 6/6
  1307 | D:2      | Noticed Ijyb
  1623 | D:2      | Killed Ijyb
  1623 | D:2      | Reached skill level 5 in Stealth
  1906 | D:2      | Reached XP level 5. HP: 32/34 MP: 7/7
  2504 | D:3      | Found a deep blue altar of Sif Muna.
  2504 | D:3      | Found a snail-covered altar of Cheibriados.
  2524 | D:3      | Noticed a centaur
  2603 | D:3      | Killed a centaur
  2603 | D:3      | Reached skill level 6 in Stealth
  2603 | D:3      | Reached XP level 6. HP: 24/39 MP: 9/9
  2972 | D:4      | Reached skill level 7 in Stealth
  3238 | D:4      | Paralysed by a potion of paralysis for 2 turns
  3239 | D:4      | HP: 1/39 [poisoned by a worker ant]
  3239 | D:4      | Mangled by a worker ant

Action                   |  1- 3 |  4- 6 || total
-------------------------+-------+-------++-------
Melee: Short sword       |    68 |   106 ||   174
Evoke: Wand              |       |    26 ||    26
  Use: Potion            |     3 |     2 ||     5
 Stab: Sleeping          |    10 |     7 ||    17
